 Dungeon Crawl Stone Soup version 0.21.1-1-g345015fe64 (webtiles) character file.

5931 Knicklaso the Frost Mage (level 10, 0/107 HPs)
             Began as an Ogre Ice Elementalist on Apr 18, 2018.
             Was a Follower of Ashenzari.
             Succumbed to a killer bee's poison
             ... on level 9 of the Dungeon.
             The game lasted 00:46:23 (11120 turns).

Knicklaso the Frost Mage (Ogre Ice Elementalist)   Turns: 11120, Time: 00:46:24

Health: 0/107      AC:  6    Str: 20    XL:     10   Next: 83%
Magic:  8/22       EV: 10    Int: 24    God:    Ashenzari [*.....]
Gold:   474        SH:  0    Dex:  9    Spells: 3/25 levels left

rFire    . . .     SeeInvis .   C - +6 mace "Yroomusk" {elec, *Contam Str+6} (curse)
rCold    . . .     Gourm    .   (no shield)
rNeg     . . .     Faith    .   d - +2 robe {MR+} (curse)
rPois    .         Spirit   .   (helmet restricted)
rElec    .         Reflect  .   L - +0 cloak (curse)
rCorr    .         Harm     .   (gloves unavailable)
MR       +++..                  (boots unavailable)
Stlth    +.........             (no amulet)
HPRegen  0.27/turn              x - ring of protection from magic
MPRegen  0.18/turn              y - +5 ring of intelligence

@: lethally poisoned (0 -> -17), no potions, very slightly contaminated
A: large, unfitting armour, deterioration 1, tough skin 1
a: Curse Item, Scrying, Renounce Religion


You were on level 9 of the Dungeon.
You worshipped Ashenzari.
Ashenzari was aware of your devotion.
You were very hungry.

You visited 2 branches of the dungeon, and saw 10 of its levels.

You collected 474 gold pieces.

Inventory:

Hand Weapons
 C - the cursed +6 mace "Yroomusk" (weapon) {elec, *Contam Str+6}
   (You found it on level 5 of the Dungeon)

   Occasionally, upon striking a foe, it will discharge some electrical energy
   and cause terrible harm.
   It affects your strength (+6).
   It causes magical contamination when unequipped.
   It has a curse placed upon it.
 D - a +1 whip of flaming
 G - a +0 mace of protection
Missiles
 s - 29 poisoned needles
Armour
 d - a cursed +2 robe of magic resistance (worn)
 L - a cursed +0 cloak (worn)
Jewellery
 k - an uncursed ring of flight
 x - a ring of protection from magic (left hand)
 y - a +5 ring of intelligence (right hand)
 B - an uncursed amulet of harm
 F - an uncursed amulet of guardian spirit
 N - an uncursed amulet of faith
Wands
 p - a wand of paralysis (9)
 A - a wand of disintegration (21)
 O - a wand of flame (31)
Scrolls
 f - 5 scrolls of identify
 i - a scroll of amnesia {unknown}
 j - 2 scrolls of immolation {unknown}
 l - 6 scrolls of teleportation {unknown}
 q - 2 scrolls of remove curse
 t - a scroll of fear {unknown}
 u - 3 scrolls of enchant armour {unknown}
 z - a scroll of blinking {unknown}
 E - a scroll of torment {unknown}
 J - 2 scrolls of random uselessness {unknown}
 K - 2 scrolls of enchant weapon {unknown}
 M - a scroll of brand weapon {unknown}
Potions
 a - a potion of resistance {unknown}
 e - a potion of invisibility {unknown}
 g - 2 potions of heal wounds
 h - 2 potions of haste
 m - 7 potions of curing
 n - 4 potions of brilliance
 o - 5 potions of magic {unknown}
 r - 3 potions of cancellation {unknown}
 v - 4 potions of flight {unknown}
 w - a potion of lignification {unknown}
 H - a potion of might {unknown}
Books
 b - a book of Frost

   Spells                             Type                      Level
   a - Freeze                         Ice                          1
   b - Throw Frost                    Conjuration/Ice              2
   c - Ozocubu's Armour               Charms/Ice                   3
   d - Throw Icicle                   Conjuration/Ice              4
   e - Summon Ice Beast               Ice/Summoning                4
 I - the Disquisition on the Glacier
   (You found it on level 7 of the Dungeon)

   Spells                             Type                      Level
   a - Ensorcelled Hibernation        Hexes/Ice                    2
   b - Ozocubu's Armour               Charms/Ice                   3
   c - Simulacrum                     Ice/Necromancy               6
   d - Ozocubu's Refrigeration        Ice                          6
Comestibles
 c - 14 rations


   Skills:
 + Level 9.4 Fighting
 + Level 2.0 Maces & Flails
 - Level 1.7 Dodging
 - Level 1.4 Stealth
 + Level 8.3 Spellcasting
 - Level 3.0 Conjurations
 - Level 4.4 Summonings
 * Level 9.9 Ice Magic


You had 3 spell levels left.
You knew the following spells:

 Your Spells              Type           Power        Failure   Level  Hunger
a - Freeze                Ice            ####         1%          1    None
b - Throw Frost           Conj/Ice       #####.       1%          2    None
c - Throw Icicle          Conj/Ice       #####...     4%          4    ##.....
d - Ensorcelled Hibernat  Hex/Ice        ####..       1%          2    None
e - Ozocubu's Refrigerat  Ice            ######....   16%         6    ######.
f - Ozocubu's Armour      Chrm/Ice       ####....     2%          3    None
h - Summon Ice Beast      Ice/Summ       #####...     3%          4    ##.....


Dungeon Overview and Level Annotations

Branches:
Dungeon (9/15)             Temple (1/1) D:4
   Lair: D:8-11         Orc: D:9-12

Altars:
Ashenzari
Cheibriados
Dithmenos
Elyvilon
Fedhas
Gozag
Hepliaklqana
Kikubaaqudgha
Makhleb
Nemelex Xobeh
Okawaru
Qazlal
Ru
Sif Muna
Trog
Uskayaw
Vehumet
Wu Jian
Xom
Yredelemnul
Zin
The Shining One


Innate Abilities, Weirdness & Mutations

You are too large for most types of armour.
You have tough skin. (AC +1)
Your body sometimes deteriorates upon taking damage.


Message History

The centaur wields a shortbow.
The centaur shoots an arrow.
The arrow hits you but does no damage.
The killer bee stings you but does no damage.
An adder and a yak come into view.
You cannot drink potions in your current state!
Casting: Ozocubu's Refrigeration
Confirm with . or Enter, or press ? or * to list all spells.
The heat is drained from your surroundings.
You feel very cold.
* * * LOW HITPOINT WARNING * * *
The adder, the yaks, the centaur, the killer bees and the wyvern are frozen.
You kill the adder!
You kill the yak!
The yak bellows!
The yak is heavily wounded.
You kill the centaur!
You kill the killer bee!
The killer bee is severely wounded.
You kill the wyvern!
Your Maces & Flails skill increases to level 2!
You are feeling very hungry.
You die...

#.### ### #.#.. #.. #.#.# #.#
#### ######### #.#.# #.###...
........# #.#.# #.##...#
........# #.#.###### #.##...#
........###.#.#....###.##...#
.......).)..@..........>.....
......y.###†#.#....#.#.#.#.##
........# #.#.#....#.#.#.####
........# #†#†#...[#.#.#.....
........# #.#.#....#.#.######
..5y....# #.#†######.#.. #...
......... ....† #.### #...
........# #.#Y# ... #### #.#


You could see a yak and a killer bee.

Vanquished Creatures
  A two-headed ogre (D:6)
  Pikel (D:5)
  2 hippogriffs
  Sigmund (D:5)
  A wyvern (D:9)
  A yak (D:9)
  Eustachio (D:5)
  A hungry ghost (D:9)
  An orc warrior (D:9)
  A sky beast (D:6)
  A slave (D:5)
  An ogre (D:9)
  2 phantoms
  3 centaurs
  A bullfrog (D:8)
  3 scorpions
  6 killer bees (D:9)
  3 wights (D:6)
  5 howler monkeys
  8 crimson imps
  A quasit (D:8)
  A centaur zombie (D:6)
  A centaur skeleton (D:8)
  A gnoll shaman (D:5)
  3 orc priests
  Crazy Yiuf (D:7)
  A bullfrog skeleton (D:9)
  3 orc wizards
  Ijyb (D:3)
  An iguana (D:4)
  4 worker ants
  2 hound skeletons
  A howler monkey zombie (D:6)
  A worker ant zombie (D:4)
  5 gnolls (D:5)
  A howler monkey skeleton (D:9)
  18 adders
  2 oozes
  An adder skeleton (D:9)
  5 worms
  2 dart slugs (D:1)
  4 leopard geckos
  25 orcs
  11 bats
  6 giant cockroaches
  8 goblins
  5 hobgoblins
  9 jackals
  2 quokkas (D:2)
  2 ball pythons
  8 frilled lizards
  7 kobolds
  A leopard gecko skeleton (D:6)
  A quokka skeleton (D:5)
  A rat (D:3)
  A spectral orc (D:3)
191 creatures vanquished.

Vanquished Creatures (collateral kills)
  A two-headed ogre (D:8)
  The ghost of BlackRum the Conjurer, a novice DrCj (D:8)
  A sky beast (D:8)
  An orc warrior (D:7)
  A black bear (D:6)
  3 centaurs
  A scorpion (D:9)
  2 orc priests (D:7)
  A worker ant (D:6)
  A killer bee zombie (D:6)
  3 orcs
16 creatures vanquished.

Vanquished Creatures (others)
  A jelly (D:5)
  A giant cockroach (D:5)
2 creatures vanquished.

Grand Total: 209 creatures vanquished

Notes
Turn   | Place    | Note
-------+----------+-------------------------------------------
     0 | D:1      | Knicklaso the Ogre Ice Elementalist began the quest for the Orb.
     0 | D:1      | Reached XP level 1. HP: 16/16 MP: 3/3
   233 | D:1      | Reached XP level 2. HP: 21/26 MP: 1/5
   238 | D:1      | Reached skill level 1 in Fighting
   479 | D:1      | Reached XP level 3. HP: 32/33 MP: 1/7
  1213 | D:2      | Reached XP level 4. HP: 35/42 MP: 2/8
  1288 | D:2      | Learned a level 3 spell: Ozocubu's Armour
  1291 | D:2      | Learned a level 2 spell: Throw Frost
  1351 | D:2      | Found a sacrificial altar of Ru.
  2194 | D:3      | Noticed Ijyb
  2196 | D:3      | Paralysed by Ijyb for 5 turns
  2206 | D:3      | Paralysed by Ijyb for 4 turns
  2210 | D:3      | Killed Ijyb
  2210 | D:3      | Reached XP level 5. HP: 44/52 MP: 2/10
  2924 | D:3      | Found a basalt altar of Yredelemnul.
  3540 | D:4      | Reached XP level 6. HP: 61/61 MP: 4/11
  3605 | D:4      | Found a staircase to the Ecumenical Temple.
  3632 | Temple   | Entered the Ecumenical Temple
  3813 | Temple   | Became a worshipper of Ashenzari the Shackled
  4339 | D:4      | Learned a level 4 spell: Summon Ice Beast
  4343 | D:5      | Entered Level 5 of the Dungeon
  4375 | D:5      | Reached skill level 5 in Ice Magic
  4691 | D:5      | Reached XP level 7. HP: 70/70 MP: 8/13
  4833 | D:5      | Noticed Sigmund
  4840 | D:5      | Killed Sigmund
  4840 | D:5      | Reached skill level 1 in Summonings
  4853 | D:5      | Got the mace "Yroomusk" {elec, *Contam Str+6}
  4854 | D:5      | Identified the +6 mace "Yroomusk" {elec, *Contam Str+6} (You found it on level 5 of the Dungeon)
  5051 | D:5      | Noticed Pikel
  5088 | D:5      | Killed Pikel
  5088 | D:5      | Reached skill level 5 in Fighting
  5088 | D:5      | Reached skill level 5 in Spellcasting
  5088 | D:5      | Reached XP level 8. HP: 33/81 MP: 1/16
  5108 | D:5      | Gained mutation: Your body sometimes deteriorates upon taking damage. [mutagenic glow]
  5609 | D:5      | Noticed Eustachio
  5618 | D:5      | Killed Eustachio
  6104 | D:6      | Noticed a two-headed ogre
  6115 | D:6      | Killed a two-headed ogre
  6115 | D:6      | Reached XP level 9. HP: 45/93 MP: 2/18
  6473 | D:6      | Reached * piety under Ashenzari
  7451 | D:7      | Reached skill level 1 in Conjurations
  8010 | D:7      | Identified the Disquisition on the Glacier
  8109 | D:7      | Found a runed door.
  8502 | D:7      | Noticed Crazy Yiuf
  8509 | D:7      | Killed Crazy Yiuf
  8624 | D:8      | Noticed BlackRum's ghost (novice DrCj)
  8928 | D:8      | Killed BlackRum's ghost
  8928 | D:8      | Reached XP level 10. HP: 41/106 MP: 14/21
  9003 | D:8      | Noticed a two-headed ogre
  9048 | D:8      | HP: 3/106 [two-headed ogre/giant spiked club (8)]
  9048 | D:8      | Killed a two-headed ogre
 10648 | D:8      | Learned a level 6 spell: Ozocubu's Refrigeration
 10653 | D:8      | Learned a level 4 spell: Throw Icicle
 10656 | D:8      | Learned a level 2 spell: Ensorcelled Hibernation
 10667 | D:9      | Reached skill level 1 in Maces & Flails
 11120 | D:9      | HP: 2/107 [frozen (12)]
 11120 | D:9      | Succumbed to a killer bee's poison

Skill      XL: |  1  2  3  4  5  6  7  8  9 10 |
---------------+-------------------------------+-----
Ice Magic      | 3 4 5 6 7 9 |  9.9
Fighting       | 1 2 3 4 5 7 8 9 |  9.4
Spellcasting   | 3 4 5 6 7 8 |  8.3
Summonings     | 2 3 4 |  4.4
Conjurations   | 2 3 |  3.0
Maces & Flails | 2 |  2.0
Dodging        | |  1.7
Stealth        | |  1.4

Action                   |  1- 3 |  4- 6 |  7- 9 | 10-12 || total
-------------------------+-------+-------+-------+-------++-------
Melee: Unarmed           |     3 |       |       |       ||     3
       Mace              |     1 |    52 |   145 |    75 ||   273
       Club              |     1 |       |       |       ||     1
       Whip              |       |       |    30 |       ||    30
 Cast: Freeze            |    54 |    79 |    59 |     1 ||   193
       Throw Frost       |       |    38 |    31 |    12 ||    81
       Summon Ice Beast  |       |       |    11 |    10 ||    21
       Ozocubu's Armour  |       |       |     2 |     1 ||     3
       Ozocubu's Refrige |       |       |       |     4 ||     4
       Ensorcelled Hiber |       |       |       |     1 ||     1
Invok: Curse Item        |       |       |     3 |       ||     3
  Use: Scroll            |     6 |       |       |     1 ||     7
       Potion            |       |       |     1 |     2 ||     3
 Stab: Sleeping          |       |     2 |     1 |       ||     3
       Distracted        |       |       |     2 |     1 ||     3
  Eat: Chunk             |     1 |    12 |    11 |    10 ||    34
       Ration            |       |       |     1 |       ||     1
Armor: Robe              |    12 |    24 |    62 |    46 ||   144
Dodge: Dodged            |    27 |    61 |   118 |    68 ||   274
